AoeStats
← illus

Fortress

509836706Analyzed
3v3 RM · 3d ago on Sep 28, 2026· 58m 38s· 6 players
Game mode
Random Map
Map size
Large (8 player)
Population
200
Speed
Normal
Resources
Standard
Victory
Conquest
Starting age
Dark Age
Ending age
Imperial Age
RankedLock teamsTeams togetherTeam positionsShared explorationLock speedFull tech treeHidden civsTurbo modeCheats
Victory
Defeat
🇨🇳 Berbers · China
1213
+14
🇦🇺 Burgundians · Australia
1160
+16
🇳🇱 Danes · Netherlands
1154
+16
🇩🇪 Slavs · Germany
1244
-20
🇭🇰 Wei · Hong Kong SAR China
1138
-14
🇳🇱 Malay · Netherlands
1090
-12
StandingTall
7:29 Feudal Age
6:24 Double-Bit Axe
8:01 Horse Collar
12:19 Castle Age
11:29 Bow Saw
15:07 Wheelbarrow
16:15 Gold Mining
17:56 Town Watch
18:32 Hand Cart
18:23 Loom
19:58 Heavy Plow
20:32 Burgundian Vineyards
29:18 Forging
33:40 Imperial Age
31:55 Scale Barding Armor
32:02 Husbandry
33:37 Crop Rotation
34:07 Two-Man Saw
33:51 Iron Casting
33:32 Stone Mining
35:06 Conscription
34:50 Pikeman
35:39 Squires
36:01 Light Cavalry
37:26 Stone Shaft Mining
38:18 Blast Furnace
38:16 Gold Shaft Mining
38:24 Chain Barding Armor
37:34 Hussar
38:53 Guilds
38:38 Town Watch
40:25 Halberdier
41:13 Arson
41:31 Scale Mail Armor
42:06 Plate Barding Armor
41:46 Caravan
42:46 Chain Mail Armor
43:13 Cavalier
45:24 Plate Mail Armor
45:03 Paladin
47:18 Treadmill Crane
47:58 Ballistics
50:17 Chemistry
49:12 Murder Holes
49:27 Masonry
49:25 Fletching
49:36 Padded Archer Armor
50:52 Coinage
51:33 Bombard Tower
53:03 Spies/Treason
54:00 Bodkin Arrow
54:18 Masonry
54:42 Banking
56:31 Bracer
56:46 Leather Archer Armor
57:05 Architecture
56:45 Fortified Wall
deRoode
4:33 Loom
8:23 Feudal Age
11:59 Castle Age
11:31 Arson
15:08 Double-Bit Axe
15:53 Scale Mail Armor
18:13 Chain Mail Armor
21:30 Forging
20:52 Man-at-Arms
22:51 Man-at-Arms
23:18 Gambesons
23:57 Long Swordsman
26:32 Iron Casting
30:45 Imperial Age
34:16 Bow Saw
34:19 Squires
33:55 Pikeman
36:29 Halberdier
39:58 Fletching
39:45 Northmen's Fury
40:33 Town Watch
41:24 Wheelbarrow
40:47 Gold Mining
43:15 Onager
45:20 Conscription
48:58 Gold Shaft Mining
48:07 Horse Collar
50:48 Siege Onager
54:58 Hand Cart
54:44 Town Patrol
55:26 Plate Mail Armor
55:56 Blast Furnace
54:52 Bodkin Arrow
54:57 Padded Archer Armor
54:55 Spies/Treason
56:35 Elite Varangian Guard
illus
7:00 Feudal Age
11:03 Castle Age
9:13 Double-Bit Axe
10:00 Horse Collar
12:09 Bow Saw
12:05 Heavy Plow
14:00 Loom
17:50 Wheelbarrow
20:18 Hand Cart
21:44 Town Watch
22:07 Gold Mining
24:51 Imperial Age
23:20 Kasbah
23:15 Town Watch
23:16 Treadmill Crane
23:29 Fletching
24:22 Gold Shaft Mining
23:52 Stone Mining
24:19 Bodkin Arrow
25:21 Ballistics
25:57 Conscription
26:02 Bracer
26:34 Bloodlines
26:25 Husbandry
26:19 Elite Camel Archer
27:59 Crop Rotation
28:10 Padded Archer Armor
29:12 Chemistry
28:24 Maghrebi Camels
27:48 Cavalier
29:28 Leather Archer Armor
29:42 Town Patrol
29:36 Heavy Camel Rider
31:51 Siege Engineers
33:55 Ring Archer Armor
33:38 Forging
36:17 Hoardings
37:19 Iron Casting
36:41 Murder Holes
36:58 Fortified Wall
37:00 Masonry
39:16 Blast Furnace
38:22 Scale Barding Armor
39:34 Light Cavalry
42:07 Chain Barding Armor
43:19 Guilds
44:25 Hussar
47:42 Fortified Wall
48:10 Plate Barding Armor
47:36 Scale Mail Armor
48:12 Caravan
49:48 Spies/Treason
Jonas
2:37 Loom
8:32 Feudal Age
12:41 Castle Age
12:36 Double-Bit Axe
12:31 Horse Collar
15:46 Loom
16:20 Bow Saw
16:40 Heavy Plow
17:06 Gold Mining
18:22 Wheelbarrow
18:34 Stone Mining
19:19 Gold Shaft Mining
18:53 Detinets
20:42 Hand Cart
25:18 Imperial Age
25:25 Imperial Age
22:58 Man-at-Arms
23:38 Squires
23:39 Scale Mail Armor
23:50 Forging
24:05 Town Watch
24:40 Chain Mail Armor
23:46 Long Swordsman
23:46 Pikeman
25:19 Town Patrol
26:00 Iron Casting
26:43 Conscription
25:44 Two-Handed Swordsman
27:01 Plate Mail Armor
27:05 Champion
27:32 Halberdier
29:49 Two-Man Saw
29:01 Bloodlines
29:59 Druzhina
31:25 Blast Furnace
30:38 Light Cavalry
31:19 Husbandry
31:26 Scale Barding Armor
32:55 Capped Ram
34:54 Chain Barding Armor
33:55 Hussar
35:02 Siege Ram
36:49 Plate Barding Armor
37:31 Heavy Scorpion
40:12 Chemistry
39:32 Ballistics
39:19 Siege Engineers
kaaaboooom
7:10 Feudal Age
7:42 Double-Bit Axe
7:40 Horse Collar
12:55 Castle Age
12:46 Scale Barding Armor
14:56 Bow Saw
16:09 Bloodlines
19:15 Chain Barding Armor
20:24 Husbandry
21:50 Forging
23:57 Loom
24:48 Wheelbarrow
28:09 Iron Casting
28:20 Gold Mining
28:22 Stone Mining
28:50 Hand Cart
33:29 Imperial Age
32:07 Fletching
32:17 Padded Archer Armor
32:35 Elite Skirmisher
33:39 Heavy Hei Guang Cavalry
35:40 Bodkin Arrow
36:53 Chemistry
37:42 Conscription
38:31 Ming Guang Armor
39:14 Thumb Ring
39:14 Bracer
43:45 Blast Furnace
helium2
6:44 Feudal Age
6:33 Double-Bit Axe
6:37 Horse Collar
13:15 Castle Age
13:57 Bow Saw
16:47 Crossbowman
18:31 Forging
21:02 Loom
21:54 Wheelbarrow
21:06 Town Watch
22:10 Fletching
24:09 Stone Mining
24:11 Gold Mining
24:44 Hand Cart
26:17 Bodkin Arrow
26:58 Iron Casting
26:24 Padded Archer Armor
28:15 Heavy Plow
28:30 Town Patrol
31:45 Scale Barding Armor
31:56 Leather Archer Armor
32:31 Ballistics
32:22 Masonry
32:19 Husbandry
35:11 Imperial Age
35:23 Gold Shaft Mining
36:04 Blast Furnace
35:06 Bracer
35:37 Arbalester
36:39 Thumb Ring
40:52 Ring Archer Armor
Connection lost

Rejoining the realm…

Still unreachable

The connection could not be restored.

Session expired

The server has moved on; the page needs a fresh start.